cohdb
Replays
Latest Replays
All Replays
Popular Replays
Top Player Replays
Match Explorer
How It Works
Community
CoH3 Stats
Reddit
Sign in to upload your games and track your stats! →
Sign in with Steam
Match 41860690
Unlisted
Match 41860690
Overview
Messages
Build Orders
End
Construct Barracks
Selects Special Operations Battlegroup
Selects M29 Weasel Recon Vehicle
Riflemen Squad
Riflemen Squad
M1 Mortar Team
Construct Weapon Support Center
Selects Raiding Flares
M29 Weasel Recon Vehicle
M1919 Machine Gun Team
Mechanized Support Center
M3 Armored Personnel Carrier
Bazooka Squad
M1918 Browning Automatic Rifles
Selects SSF Commando Squad
Engineer Squad
Raiding Flares
M1919 Machine Gun Team
Construct Motor Pool
Raiding Flares
M24 Chaffee Light Tank
Riflemen Squad
Selects Mark Vehicle
Raiding Flares
SSF Commando Squad
Improvised Armor
Selects Mark Vehicle
Selects UNKNOWN (2162291)
Improved M9 Bazooka Rockets
Selects Assault Operation
Mark Vehicle
Raiding Flares
Assault Operation
Mark Vehicle
Construct Tank Depot
SSF Commando Squad
M4A1 Sherman Medium Tank
SSF Commando Squad
M4A1 76mm Conversion
Mark Vehicle
Raiding Flares
NnAmeatloaf
magnuson
carpediem
MuniekPL
|-J5D-| MAREK POLSKA
Husar
0
0
Comments
sign in to comment!
No comments posted yet!